 Dungeon Crawl Stone Soup version 0.29-a0-330-g52719c12eb (webtiles) character file.

Game seed: 2593207491000116501

57 Aelig the Skirmisher (level 4, 27/29 HPs)
             Began as a Kobold Abyssal Knight on May 2, 2022.
             Was a Believer of Lugonu.
             Quit the game on level 2 of the Dungeon.
             The game lasted 00:04:48 (2059 turns).

Aelig the Skirmisher (Kobold Abyssal Knight)        Turns: 2059, Time: 00:04:49

Health: 27/29      AC:  5    Str: 10    XL:     4   Next: 18%
Magic:  6/6        EV: 13    Int: 11    God:    Lugonu [**....]
Gold:   137        SH:  0    Dex: 17    Spells: 3/3 levels left

rFire   . . .      SeeInvis .   a - +1 short sword
rCold   . . .      Faith    .   (no shield)
rNeg    . . .      Spirit   .   g - +0 ring mail
rPois   +          Reflect  .   (no helmet)
rElec   .          Harm     .   (no cloak)
rCorr   .          Rampage  .   (no gloves)
Will    .....      Rage     1%  (no boots)
Stlth   ++........              (no amulet)
HPRegen 0.09/turn               c - ring of poison resistance
MPRegen 0.10/turn               (no ring)

@: on berserk cooldown
A: small, no large weapons, nightstalker 3, berserk 1
a: Renounce Religion, Depart the Abyss, Bend Space


You were on level 2 of the Dungeon.
You worshipped Lugonu.
Lugonu was pleased with you.
You visited 1 branch of the dungeon, and saw 2 of its levels.
You visited the Abyss 1 time.

You collected 137 gold pieces.

Inventory:

Hand Weapons
 a - a +1 short sword (weapon)
Missiles
 i - 25 stones (quivered)
Armour
 g - a +0 ring mail (worn)
Jewellery
 c - a ring of poison resistance (left hand)
Scrolls
 b - a scroll of fog {unknown}
 d - a scroll of identify
 e - 2 scrolls of enchant weapon {unknown}
 f - a scroll of acquirement {unknown}
 h - a scroll of teleportation
 j - a scroll of enchant armour {unknown}
 k - 2 scrolls of vulnerability {unknown}


   Skills:
 + Level 4.0 Fighting
 + Level 3.8 Short Blades
 - Level 0.7 Armour
 - Level 2.4 Dodging
 + Level 3.0 Invocations


You had 3 spell levels left.
You didn't know any spells.
Your spell library contained the following spells:

 Spells                   Type           Power      Damage    Failure   Level
 Magic Dart               Conj           0%         1d3       67%         1
 Call Imp                 Summ           0%         N/A       80%         2
 Sublimation of Blood     Necr           0%         N/A       80%         2
 Wereblood                Tmut           0%         N/A       80%         2
 Gell's Gravitas          Tloc           0%         N/A       95%         3
 Mephitic Cloud           Conj/Pois/Air  0%         N/A       95%         3
 Teleport Other           Tloc           0%         N/A       95%         3
 Dispersal                Tloc           0%         N/A       100%        6
 Summon Hydra             Summ           0%         N/A       100%        7


Dungeon Overview and Level Annotations

Branches:
Dungeon (2/15)

Altars:

Annotations:
D:2 1 runed translucent door, Crazy Yiuf


Innate Abilities, Weirdness & Mutations

You are small and have problems with some larger weapons.
You are completely attuned to the shadows.
You tend to lose your temper in combat.


Message History

The helpless endoplasm fails to defend itself.
You puncture the endoplasm!
You kill the endoplasm!
Lugonu accepts your kill.
You hit the worm.
The worm is moderately wounded.
You hit the worm.
The worm is heavily wounded.
The worm bites you.
You barely miss the worm.
The worm is heavily wounded.
You completely miss the worm.
The worm is heavily wounded.
The worm closely misses you.
You hit the worm.
The worm is severely wounded.
You hit the worm.
The worm is almost dead.
The worm bites you but does no damage.
You hit the worm but do no damage.
The worm is almost dead.
A red film seems to cover your vision as you go berserk!
You feel yourself moving faster!
You feel mighty!
You puncture the worm!
You kill the worm!
Lugonu accepts your kill.
Your Invocations skill increases to level 3!
You now have 137 gold pieces (gained 17).
You feel a strong urge to attack something.
You feel your anger nearly subside.
You start resting.
You are no longer berserk.
You are exhausted.
You feel yourself slow down.
You start resting.
You feel yourself speed up.
You aren't carrying any potions.
Unknown command.
You aren't carrying any potions.
Unknown command.
Are you sure you want to abandon this character and quit the game? (Confirm with "yes".)

.....#########
.....##......#
....$##......####
......#.........##
..............†...
.....##...........
.....##......#####
##.####@.....# #.
#......# .......#
........#
###......#
#......##
#........
..####......#.
....#.......#


There were no monsters in sight!

Vanquished Creatures
  A gnoll (D:1)
  2 worms (D:2)
  2 dart slugs
  3 endoplasms
  2 giant cockroaches
  2 goblins (D:1)
  2 hobgoblins
  6 ball pythons
  8 bats
  4 frilled lizards
  2 kobolds (D:1)
  4 rats
38 creatures vanquished.

Vanquished Creatures (others)
  90 plants (D:1)
90 creatures vanquished.

Grand Total: 128 creatures vanquished

Notes
Turn   | Place    | Note
-------+----------+-------------------------------------------
     0 | Abyss:1  | Aelig the Kobold Abyssal Knight began the quest for the
                  | Orb.
     0 | Abyss:1  | Reached XP level 1. HP: 14/14 MP: 2/2
    45 | Abyss:1  | Noticed a neqoxec
    46 | Abyss:1  | Gained mutation: You tend to lose your temper in combat. [a
                  | neqoxec]
    47 | D:1      | Escaped the Abyss
   202 | D:1      | Reached ** piety under Lugonu
   203 | D:1      | Reached XP level 2. HP: 5/19 MP: 3/3
   794 | D:1      | Reached XP level 3. HP: 13/24 MP: 4/4
  1785 | D:2      | Found a runed translucent door.
  1788 | D:2      | Noticed Crazy Yiuf
  1882 | D:2      | Reached skill level 4 in Fighting
  1964 | D:2      | Reached XP level 4. HP: 27/29 MP: 6/6
  2059 | D:2      | Quit the game

Illustrated notes

Levels and vault maps discovered:
D:1:      roderic_crop_circles_arrival_small, layout_basic
D:2:      layout_rooms, chequers_jeans, uniq_crazy_yiuf_cottage

Skill      XL: |  1  2  3  4 |
---------------+-------------+-----
Short Blades   | 3 |  3.8
Fighting       | 4 |  4.0
Invocations    | 3 |  3.0
Armour         | |  0.7
Dodging        | |  2.4

Action                   |  1- 3 |  4- 6 || total
-------------------------+-------+-------++-------
Melee: Short sword       |    99 |    11 ||   110
Throw: Stone             |     3 |       ||     3
Invok: Depart the Abyss  |     1 |       ||     1
  Use: Scroll            |     1 |       ||     1
 Stab: Sleeping          |     9 |     1 ||    10
Armor: Leather armour    |    13 |       ||    13
       Ring mail         |    15 |     1 ||    16
Dodge: Dodged            |    79 |     2 ||    81

Table legend: (Time is in decaauts)
 A = Elapsed time spent in this place.
 B = Non-inter-level travel time spent in this place.
 C = Inter-level travel time spent in this place.
 D = Time resting spent in this place.
 E = Time spent auto-exploring this place.
 F = Levels seen in this place.
 G = Mean time per level.
                   A        B        C        D        E       F      G
               +--------+--------+--------+--------+--------+-----+--------+
         Total |   2064 |   2027 |     37 |    823 |    629 |   3 |  688.0 |
       Dungeon |   2017 |   1980 |     37 |    823 |    629 |   2 | 1008.5 |
         Abyss |     47 |     47 |      0 |      0 |      0 |   1 |   47.0 |
               +--------+--------+--------+--------+--------+-----+--------+

Top non-repeatable levels by time:
     D:1: 1697 daAuts
     D:2: 319 daAuts
 Abyss:1: 47 daAuts
